 Dungeon Crawl Stone Soup version 0.31-a0-819-gf6de2f5ab6 (webtiles) character file.

Game seed: 16822763864595292933

1180 qw the Skirmisher (level 8, -4/51 HPs)
             Began as a Gargoyle Hunter on Sept 23, 2023.
             Was an Initiate of Okawaru.
             Slain by Jeremiah
             ... wielding a +2 trident of draining
              (6 damage)
             ... on level 6 of the Dungeon.
             The game lasted 00:02:24 (4958 turns).

qw the Skirmisher (Gargoyle Hunter)                 Turns: 4958, Time: 00:02:25

Health: -4/51      AC: 12    Str: 15    XL:     8   Next: 42%
Magic:  8/8        EV: 11    Int: 10    God:    Okawaru [......]
Gold:   291        SH:  0    Dex: 15    Spells: 7/7 levels left

rFire   . . .        Y - +0 arbalest
rCold   . . .        (shield currently unavailable)
rNeg    + . .        d - +0 ring mail
rPois   inf          n - +0 helmet
rElec   +            (no cloak)
rCorr   .            (no gloves)
SInv    .            (no boots)
Will    .....        (no amulet)
Stlth   +            (no ring)
HPRegen 0.28/turn    (no ring)
MPRegen 0.11/turn

%: no passive effects
@: no status effects
A: sickness immunity, AC +5, negative energy resistance 1, electricity
resistance, torment resistance 1, petrification resistance
a: Renounce Religion


You were on level 6 of the Dungeon.
You worshipped Okawaru.
Okawaru was noncommittal.
You visited 1 branch of the dungeon, and saw 6 of its levels.

You collected 291 gold pieces.


Innate Abilities, Weirdness & Mutations

You are immune to sickness and miasma.
Your stone body is resilient. (AC +5)
You are immune to poison.
You resist negative energy. (rN+)
You are resistant to electric shocks. (rElec)
You are resistant to unholy torment.
You are immune to petrification.


   Skills:
 + Level 5.6 Fighting
 - Level 9.0 Ranged Weapons
 - Level 2.3 Armour
 - Level 2.0 Dodging
 - Level 1.1 Stealth


You had 7 spell levels left.
You didn't know any spells.
Your spell library was empty.

Inventory:

Hand Weapons
 Y - a +0 arbalest (weapon)
Armour
 d - a +0 ring mail (worn)
 n - a +0 helmet (worn)
Jewellery
 b - a ring of ice
Scrolls
 j - a scroll of identify
Potions
 a - a potion of mutation {unknown}
 e - a potion of invisibility {unknown}
 f - a potion of might {unknown}
 g - a potion of haste {unknown}
 h - a potion of lignification {unknown}
 i - a potion of curing
 k - a potion of ambrosia {unknown}
 o - a potion of heal wounds {unknown}

Dungeon Overview and Level Annotations

Branches:
Dungeon (6/15)             Temple (0/1) D:6

Altars:
Kikubaaqudgha
Makhleb
Nemelex Xobeh
Okawaru
Qazlal
Vehumet
Yredelemnul
Zin

Shops:
D:5 (

Annotations:
D:6 Jeremiah


Message History

Jeremiah barely misses you.
Enter note: You shoot a bolt.
The bolt closely misses the butterfly.
The bolt misses the butterfly.
The butterfly disappears in a burst of colours! x4
Jeremiah hits you but does no damage.
Jeremiah hits you from afar with a +2 trident of draining.
The butterfly disappears in a burst of colours!
Jeremiah hits you but does no damage.
The butterfly disappears in a burst of colours!
Jeremiah hits you from afar with a +2 trident of draining!
Jeremiah hits you but does no damage.
The butterfly disappears in a burst of colours! x3
Jeremiah hits you but does no damage.
The butterfly disappears in a burst of colours!
Jeremiah cries, "Fearful master, protect me!"
Something smites you!
The butterfly disappears in a burst of colours!
Jeremiah hits you but does no damage. Jeremiah hits you but does no damage.
The butterfly disappears in a burst of colours!
Jeremiah hits you from afar with a +2 trident of draining!
The butterfly disappears in a burst of colours!
Jeremiah barely misses you.
The butterfly disappears in a burst of colours! x2
Jeremiah hits you from afar with a +2 trident of draining.
Enter note: You shoot a bolt.
The bolt hits the butterfly!!
You kill the butterfly!
The butterfly disappears in a burst of colours!
The butterfly disappears in a burst of colours! x2
Jeremiah hits you from afar with a +2 trident of draining!
The butterfly disappears in a burst of colours! x3
Jeremiah barely misses you.
The butterfly disappears in a burst of colours!
Jeremiah hits you from afar with a +2 trident of draining.
Jeremiah hits you from afar with a +2 trident of draining.
Jeremiah hits you from afar with a +2 trident of draining.
You die...
Jeremiah asks, "What happened?
Did... did you die?"

##...####....<..#+#.
#....'..#..###...... ..
#....##.#...###..... .#.#
#.....#+##.##.##.... # ....
#.........##.._#.).. #.#.#.#
#.#b#..=..'....#....
.bF..####.#b#bbb.###.._#../.
.#.#b#...##.#.bbbbb..##.##....
.......#..).#@bFbbbb#.###.....
.>.#F.b#..#.##b...#.# ##....
...b..b#....#.##0.#.#.# ##....
.#.#.#.b.)..#b#.....#.###..###
.........[#####b###.#...##
..#.#...#+#.%..#..F...#.###
......#. ?..#.#####....#
.#.##. ###.# # #.#### #... ##
.# #.#


You could see Jeremiah.

Vanquished Creatures
  A water moccasin (D:5)
  A sky beast (D:3)
  2 black bears (D:4)
  An ogre (D:4)
  2 scorpions (D:5)
  A crimson imp (D:6)
  A jelly (D:6)
  4 hounds
  4 sleepcaps (D:5)
  5 orc wizards
  8 adders
  A gnoll (D:6)
  3 worms
  A dart slug (D:2)
  12 orcs
  9 bats
  An endoplasm (D:2)
  2 giant cockroaches
  14 goblins
  9 hobgoblins
  7 jackals
  4 kobolds
  6 ball pythons
  A frilled lizard (D:2)
  5 rats
105 creatures vanquished.

Vanquished Creatures (collateral kills)
  A goblin (D:4)
1 creature vanquished.

Grand Total: 106 creatures vanquished

Notes
Turn   | Place    | Note
-------+----------+-------------------------------------------
     0 | D:1      | qw the Gargoyle Hunter began the quest for the Orb.
     0 | D:1      | Reached XP level 1. HP: 12/12 MP: 1/1
     0 | D:1      | 0 ||| qw: Version: 0.3-a-83-gcd0e7d8
     0 | D:1      | 0 ||| qw: Game counter: 1729
     0 | D:1      | 0 ||| qw: Melee chars always use a shield: true
     0 | D:1      | 0 ||| qw: God list: Okawaru
     0 | D:1      | 0 ||| qw: Allow faded altars: false
     0 | D:1      | 0 ||| qw: Do Orc after clearing Dungeon:15 true
     0 | D:1      | 0 ||| qw: Do second Lair branch before Depths: true
     0 | D:1      | 0 ||| qw: Lair rune preference: random
     0 | D:1      | 0 ||| qw: Goals: Normal
     0 | D:1      | 0 ||| PLANNING D:1-11
   752 | D:1      | 752 ||| READING 2 scrolls labelled BAMNIO ERAIR.
   753 | D:1      | 753 ||| DROPPING scroll of fear.
   754 | D:1      | 754 ||| DROPPING scroll of butterflies.
   798 | D:2      | 798 ||| STAIRDANCE
   847 | D:2      | Reached XP level 2. HP: 17/17 MP: 2/2
   952 | D:2      | Reached XP level 3. HP: 17/21 MP: 3/3
  1000 | D:2      | Reached skill level 5 in Ranged Weapons
  1259 | D:2      | You fall into a shaft and drop 2 floors!
  1273 | D:4      | 1273 ||| READING scroll labelled YMAZAB ZAMO.
  1274 | D:4      | 1274 ||| READING scroll labelled JIONUAXOSI.
  1346 | D:3      | Reached skill level 3 in Fighting
  1348 | D:3      | Found a stormy altar of Qazlal.
  1352 | D:3      | Noticed a sky beast
  1367 | D:3      | HP: 4/23 [something (3)]
  1368 | D:3      | Killed a sky beast
  1369 | D:3      | Reached skill level 6 in Ranged Weapons
  1369 | D:3      | Reached XP level 4. HP: 3/28 MP: 4/4
  1369 | D:3      | Reached XP level 5. HP: 3/32 MP: 5/5
  1488 | D:3      | Found a sparkling altar of Nemelex Xobeh.
  1695 | D:3      | Found a faded altar of an unknown god.
  1759 | D:3      | Found an ancient bone altar of Kikubaaqudgha.
  1763 | D:3      | 1763 ||| READING scroll labelled HEMEUCS GIUFAI.
  1799 | D:3      | 1799 ||| READING scroll labelled QEGAST DOKHEOG.
  1800 | D:3      | 1800 ||| DRINKING 2 metallic purple potions.
  2272 | D:3      | 2272 ||| READING scroll labelled APTIVAAMER.
  2296 | D:4      | Reached XP level 6. HP: 38/38 MP: 6/6
  2410 | D:4      | Noticed a black bear
  2414 | D:4      | Killed a black bear
  2415 | D:4      | Reached skill level 7 in Ranged Weapons
  2461 | D:4      | 2461 ||| FLEEEEING.
  2462 | D:4      | 2462 ||| FLEEEEING.
  2463 | D:4      | 2463 ||| FLEEEEING.
  2464 | D:4      | 2464 ||| FLEEEEING.
  2465 | D:4      | 2465 ||| FLEEEEING.
  2466 | D:4      | 2466 ||| FLEEEEING.
  2467 | D:4      | 2467 ||| FLEEEEING.
  2469 | D:4      | 2469 ||| STAIRDANCE
  2495 | D:3      | 2495 ||| READING scroll labelled MEG WEUMMOM.
  2506 | D:4      | 2506 ||| STAIRDANCE
  2514 | D:4      | 2514 ||| STAIRDANCE
  2626 | D:4      | 2626 ||| FLEEEEING.
  2627 | D:4      | 2627 ||| FLEEEEING.
  2628 | D:4      | 2628 ||| FLEEEEING.
  2632 | D:4      | 2632 ||| STAIRDANCE
  2685 | D:4      | 2685 ||| STAIRDANCE
  2694 | D:3      | Reached XP level 7. HP: 26/43 MP: 7/7
  2895 | D:4      | Reached skill level 8 in Ranged Weapons
  3154 | D:5      | Entered Level 5 of the Dungeon
  3326 | D:5      | HP: 10/44 [water moccasin (6)]
  3332 | D:5      | Reached XP level 8. HP: 7/51 MP: 8/8
  3561 | D:5      | Found a glowing silver altar of Zin.
  3561 | D:5      | Found a basalt altar of Yredelemnul.
  3562 | D:5      | Found an iron altar of Okawaru.
  3563 | D:5      | 3563 ||| PLANNING OKAWARU WORSHIP
  3563 | D:5      | 3563 ||| READING scroll labelled GOMYWA SYMUTHRI.
  3564 | D:5      | 3564 ||| READING 2 scrolls labelled OWICVI SIPHOU.
  3571 | D:5      | Became a worshipper of Warmaster Okawaru
  3572 | D:5      | 3572 ||| PLANNING D:1-11
  3906 | D:5      | Found Eripakk's Antique Weapon Emporium.
  3918 | D:5      | 3918 ||| DROPPING ring of wizardry.
  4014 | D:6      | Found a burning altar of Makhleb.
  4027 | D:6      | Found a radiant altar of Vehumet.
  4052 | D:6      | 4052 ||| Stepping ~*~*~tactically~*~*~ (retreating).
  4061 | D:6      | HP: 11/51 [gnoll sergeant/+2 vampiric spear (3)]
  4062 | D:6      | 4062 ||| READING scroll of teleportation.
  4251 | D:6      | Found a staircase to the Ecumenical Temple.
  4252 | D:6      | 4252 ||| SWAPPING to +0 arbalest.
  4253 | D:6      | 4253 ||| DROPPING +0 shortbow of chaos.
  4256 | D:6      | Noticed Jeremiah
  4269 | D:6      | 4269 ||| UPGRADING to +0 ring mail.
  4289 | D:6      | 4289 ||| DROPPING +0 leather armour.
  4299 | D:6      | 4299 ||| RETREEAATING.
  4302 | D:6      | 4302 ||| STILL RETREEAATING.
  4303 | D:6      | 4303 ||| FLEEEEING.
  4306 | D:6      | HP: 5/51 [Jeremiah/divine providence (10)]
  4308 | D:6      | Reached skill level 9 in Ranged Weapons
  4308 | D:6      | 4308 ||| FLEEEEING.
  4309 | D:6      | 4309 ||| FLEEEEING.
  4313 | D:6      | 4313 ||| FLEEEEING.
  4321 | D:6      | 4321 ||| FLEEEEING.
  4323 | D:6      | 4323 ||| STAIRDANCE
  4323 | D:6      | HP: 3/51 [Jeremiah/divine providence (7)]
  4495 | D:5      | 4495 ||| UPGRADING to +0 helmet.
  4500 | D:5      | 4500 ||| READING 3 scrolls labelled GEOSTR YMAAJUN.
  4501 | D:5      | 4501 ||| DROPPING 2 scrolls of immolation.
  4516 | D:6      | 4516 ||| FLEEEEING.
  4517 | D:6      | 4517 ||| STAIRDANCE
  4569 | D:6      | 4569 ||| FLEEEEING.
  4570 | D:6      | 4570 ||| STAIRDANCE
  4597 | D:6      | 4597 ||| STAIRDANCE
  4679 | D:6      | 4679 ||| FLEEEEING.
  4680 | D:6      | 4680 ||| STAIRDANCE
  4754 | D:6      | 4754 ||| FLEEEEING.
  4755 | D:6      | 4755 ||| FLEEEEING.
  4757 | D:6      | 4757 ||| STAIRDANCE
  4827 | D:6      | 4827 ||| FLEEEEING.
  4831 | D:6      | 4831 ||| STAIRDANCE
  4954 | D:6      | HP: 8/51 [Jeremiah/+2 trident of draining (7)]
  4956 | D:6      | HP: 3/51 [Jeremiah/+2 trident of draining (5)]
  4957 | D:6      | HP: 1/51 [Jeremiah/+2 trident of draining (2)]
  4958 | D:6      | Slain by Jeremiah

Levels and vault maps discovered:
D:1:      dpeg_arrival_rooms_b, layout_basic, minmay_misc_feat_ornament
D:2:      layout_rooms
D:3:      layout_loops_cross, kiku_gazebo_garden_becter,
          nicolae_qazlal_beasts_of_the_sky, nemelex_xobeh_ov_fountains_minmay,
          dreamdust_ecumenical_altar_sealed_demon
D:4:      layout_loops_ring, minmay_ogre_servants
D:5:      layout_rooms, gammafunk_temple_overflow_claw, serial_shops,
          kennysheep_mini_moat
D:6:      layout_basic, grunt_temple_overflow_lords_of_destruction,
          kennysheep_orc_sif_temple, minmay_temple_entry_sparse_star,
          uniq_jeremiah

Skill      XL: |  1  2  3  4  5  6  7  8 |
---------------+-------------------------+-----
Ranged Weapons | 6 7 8 9 |  9.0
Fighting       | 3 4 5 |  5.6
Dodging        | 2 |  2.0
Armour         | 2 |  2.3
Stealth        | |  1.1

Action                     |  1- 3 |  4- 6 |  7- 9 || total
---------------------------+-------+-------+-------++-------
   Fire: Shortbow          |   123 |   130 |   176 ||   429
         Arbalest          |       |       |    28 ||    28
    Use: Scroll            |     3 |     4 |     4 ||    11
         Potion            |       |     1 |       ||     1
 Armour: Leather armour    |    39 |    48 |    62 ||   149
         Ring mail         |       |       |    20 ||    20
  Dodge: Dodged            |    21 |    51 |    82 ||   154

Table legend:
 A = Non-vault XP
 B = Vault XP
 C = Vault XP percentage of total XP
 D = Non-vault monster count
 E = Vault monster count
 F = Vault count percentage of total count
                 A         B        C        D         E       F
            +---------+---------+-------+---------+---------+-------
      Total |    1369 |     317 |  18.8 |      95 |      11 |  10.4
            +---------+---------+-------+---------+---------+-------
        D:1 |       6 |       0 |   0.0 |       4 |       0 |   0.0
        D:2 |      68 |       0 |   0.0 |      24 |       0 |   0.0
        D:3 |     170 |     133 |  43.9 |      24 |       1 |   4.0
        D:4 |     446 |     134 |  23.1 |      28 |       9 |  24.3
        D:5 |     565 |       0 |   0.0 |      11 |       0 |   0.0
        D:6 |     114 |      50 |  30.5 |       4 |       1 |  20.0
            +---------+---------+-------+---------+---------+-------
